 Dungeon Crawl Stone Soup version 0.28-a0-724-g66f9036eb4 (webtiles) character file.

Game seed: 7798723355129171341

4279 HilariousDeathArtist the Carver (level 10, -1/84 (88) HPs)
             Began as a Minotaur Gladiator on Oct 26, 2021.
             Was a Plaything of Xom.
             Slain by an orc warrior (4 damage)
             ... on level 9 of the Dungeon.
             The game lasted 00:15:18 (11978 turns).

HilariousDeathArtist the Carver (MiGl)             Turns: 11978, Time: 00:15:18

HP:   -1/84 (88)    AC: 11    Str: 16    XL:     10   Next: 10%
MP:   18/18         EV:  5    Int: 12    God:    Xom [.*....]
Gold: 659           SH:  0    Dex: 13    Spells: 9/9 levels left

rFire   . . .      SeeInvis .   b - +1 rapier of Reason {chaos, rElec rC+ rN+ Int+6}
rCold   + . .      Faith    .   (no shield)
rNeg    + . .      Spirit   .   i - +0 plate armour
rPois   +          Reflect  .   c - +0 hat
rElec   +          Harm     .   (no cloak)
rCorr   .          Rampage  .   (no gloves)
Will    .....                   t - +0 pair of boots
Stlth   ..........              k - amulet of regeneration
HPRegen 1.24/turn               m - ring of flight {+Fly, !d}
MPRegen 0.16/turn               z - ring of magical power {MP+9}

@: flying, lightly drained
A: horns 2, retaliatory headbutt, dopey 1, poison resistance, screaming 2, weak
1
a: Renounce Religion


You were on level 9 of the Dungeon.
You worshipped Xom.
You were a plaything of Xom.
You visited 2 branches of the dungeon, and saw 10 of its levels.

You collected 659 gold pieces.

Inventory:

Hand Weapons
 a - a +0 scimitar
   (You took it off an orc warrior on level 8 of the Dungeon)
 b - the +1 rapier of Reason (weapon) {chaos, rElec rC+ rN+ Int+6}
   (Xom gifted it to you on level 7 of the Dungeon)

   Each time it hits an enemy it has a different, random effect.
   Int:       It affects your intelligence (+6).
   rC:        It protects you from cold.
   rElec:     It insulates you from electricity.
   rN:        It protects you from negative energy.
Missiles
 d - 3 throwing nets {!d}
 j - 191 arrows
 l - 64 sling bullets
 r - 14 boomerangs
 s - 223 stones (quivered)
 u - 94 bolts
 x - 4 atropa-tipped darts
Armour
 c - a +0 hat (worn)
 e - a +0 tower shield
   (You found it on level 1 of the Dungeon)
 i - a +0 plate armour (worn)
   (You took it off an orc on level 8 of the Dungeon)
 t - a +0 pair of boots (worn)
   (You found it on level 6 of the Dungeon)
 w - a +2 leather armour of poison resistance
   (You took it off Eustachio on level 5 of the Dungeon)
Jewellery
 h - an amulet of guardian spirit
   (You found it on level 2 of the Dungeon)
 k - an amulet of regeneration (around neck)
   (You found it on level 8 of the Dungeon)
 m - a ring of flight (left hand) {+Fly, !d}
   (You found it on level 3 of the Dungeon)
 o - an amulet of magic regeneration
   (You found it on level 5 of the Dungeon)
 z - a ring of magical power (right hand) {MP+9}
   (You found it on level 7 of the Dungeon)
 I - a +6 ring of intelligence
   (You found it on level 8 of the Dungeon)
Wands
 p - a wand of paralysis (3)
   (You found it on level 6 of the Dungeon)
 q - a wand of flame (14)
   (You took it off Eustachio on level 5 of the Dungeon)
 y - a wand of mindburst (14)
   (You found it on level 8 of the Dungeon)
Scrolls
 f - 4 scrolls of enchant weapon
 g - 4 scrolls of identify {@r1}
 n - 2 scrolls of enchant armour
 X - a scroll of magic mapping {@r4!r}
 Y - 4 scrolls of teleportation {@r3}
Potions
 L - a potion of flight
 P - a potion of lignification {!q}


   Skills:
 + Level 8.1 Fighting
 + Level 4.4(9.4) Short Blades
 - Level 14.0(14.3) Long Blades
 - Level 2.0 Throwing
 + Level 5.0 Dodging
 + Level 2.8 Evocations


You had 9 spell levels left.
You didn't know any spells.
Your spell library contained the following spells:

 Spells                   Type           Power      Damage    Failure   Level
 Foxfire                  Conj/Fire      0%         2x1d4     100%        1
 Ensorcelled Hibernation  Hex/Ice        0%         N/A       100%        2
 Slow                     Hex            0%         N/A       100%        2
 Confusing Touch          Hex            0%         N/A       100%        3
 Conjure Flame            Conj/Fire      0%         6-21      100%        3
 Inner Flame              Hex/Fire       0%         N/A       100%        3
 Spider Form              Tmut/Pois      0%         N/A       100%        3
 Cause Fear               Hex            0%         N/A       100%        4
 Flame Wave               Conj/Fire      0%         3d3       100%        4
 Yara's Violent Unravell  Hex/Tmut       0%         3d3       100%        5
 Discord                  Hex            0%         N/A       100%        8


Dungeon Overview and Level Annotations

Branches:
Dungeon (9/15)             Temple (0/1) D:7            Lair (1/6) D:8
    Orc: D:9-12

Altars:
Cheibriados
Elyvilon
Fedhas
Nemelex Xobeh
Trog
Uskayaw
Wu Jian
Xom
Yredelemnul
Beogh


Innate Abilities, Weirdness & Mutations

You have a pair of horns on your head.
You reflexively headbutt those who attack you in melee.
You are dopey. (Int -2)
Your system is resistant to poisons. (rPois)
You frequently scream uncontrollably at your foes.
You are weak. (Str -2)


Message History

You fly downwards.
There is a stone staircase leading up here.
You now have 659 gold pieces (gained 11).
An orc comes into view. It is wielding a +0 club.
An orc is nearby!
An orc is nearby!
You throw a stone. The orc shouts!
The stone hits the orc but does no damage.
You hear a shout!
An orc and an orc warrior come into view.
The orc shouts!
The orc moves out of view.
An orc comes into view. It is wielding a +0 club.
The orc shouts!
You hear a shout! x2
An orc wizard comes into view. It is wielding a +0 dagger.
The orc moves out of view.
You throw a stone. The stone barely misses the orc.
The orc wizard shouts!
The stone hits the orc.
You hear a shout!
The orc barely misses you.
Your plate armour prevents you from hitting the orc.
The orc hits you but does no damage.
You hit the orc. You hit the orc warrior. You puncture the orc!
You kill the orc!
You hit the orc. Lightning courses through the orc!
You kill the orc!
The orc warrior hits you with a +0 flail!
You take 7 damage, and have 77/84 hp.
You barely miss the orc warrior.
The orc warrior hits you but does no damage.
You hit the orc warrior. You burn the orc warrior.
The orc warrior completely misses you. You furiously retaliate!
You headbutt the orc warrior. You hit the orc warrior.
You hit the orc warrior but do no damage.
The orc warrior seems to speed up.
Xom is highly amused!
Your headbutt misses the orc warrior.
The orc warrior hits you with a +0 flail.
You take 2 damage, and have 77/84 hp.
The orc warrior closely misses you. You furiously retaliate!
You headbutt the orc warrior.
The orc wizard gestures wildly while chanting.
The orc wizard flickers and vanishes!
Deactivating autopickup; reactivate with Ctrl-A.
You regained 2 hp, and now have 79/84 hp.
You puncture the orc warrior!
The orc warrior hits you but does no damage.
You hit the orc warrior.
The orc warrior flickers and vanishes!
Your headbutt misses something. Something hits you.
You hear some strange, mumbled words.
A puff of flame appears from out of thin air!
The puff of flame hits something but does no damage.
You throw a stone. Something hits you.
You throw a stone. The stone barely misses the orc.
Something hits you but does no damage. x2
You throw a stone. The stone barely misses the orc.
Something hits you! Something hits you. Something hits you but does no damage.
You throw a stone. The stone barely misses the orc.
Something hits you!
You hear some strange, mumbled words.
You are confused.
You are too injured to fight recklessly!
You are too injured to fight recklessly!
You take 36 damage, and have 44/84 hp.
MASSIVE DAMAGE!!
You barely miss something. Something hits you but does no damage.
Something hits you.
You take 5 damage, and have 39/84 hp.
You bump into the rock wall.
Something hits you but does no damage. Something hits you.
You take 3 damage, and have 36/84 hp.
You bump into the rock wall.
Something hits you!
You hear some strange, mumbled words.
Something tries to affect you, but you resist.
Something hits you.
* * * LOW HITPOINT WARNING * * *
You take 11 damage, and have 25/84 hp.
You bump into the rock wall.
Something hits you but does no damage. Something hits you.
* * * LOW HITPOINT WARNING * * *
You take 3 damage, and have 22/84 hp.
You closely miss something. You headbutt something. Something hits you.
* * * LOW HITPOINT WARNING * * *
Something hits you!
* * * LOW HITPOINT WARNING * * *
You take 11 damage, and have 11/84 hp.
Something hits you but does no damage.
You feel less confused. Something hits you!
* * * LOW HITPOINT WARNING * * *
Xom thinks this is hilarious!
You take 10 damage, and have 2/84 hp.
Okay, then.
Aim: an orc, wielding a +0 club (chance to affect: 88%) Nothing appears to happen.
Something hits you.
You die...

#### ...######
#..#... #.#.#
#####...######.
.######......@.......
........####.{######.
..#####..####.o#
.......<...###.####
..#..##.....##.)#.#
## ......##..#.###
######.##......# .
.......#..#.#...#
.##.##...........


You could see an orc.

Vanquished Creatures
  A polar bear (D:8)
  Sigmund (D:2)
  2 yaks (D:8)
  A wyvern (D:4)
  Eustachio (D:5)
  Menkaure (D:5)
  2 orc warriors (D:8)
  An ice beast (D:6)
  A necrophage (D:8)
  2 ogres
  A black bear (D:7)
  2 centaurs
  3 phantoms
  A bullfrog (D:8)
  2 scorpions
  A water moccasin skeleton (D:5)
  10 killer bees
  5 wights (D:8)
  3 electric eels (D:8)
  A gnoll shaman (D:6)
  6 orc priests
  3 centaur zombies
  A jelly (D:4)
  2 bullfrog zombies
  2 hounds
  4 orc wizards
  Natasha (twice) (D:3)
  An iguana (D:5)
  A hound skeleton (D:4)
  13 gnolls
  A howler monkey skeleton (D:4)
  2 adders
  A white imp (D:5)
  2 ufetubi
  An adder skeleton (D:4)
  2 worms (D:4)
  5 dart slugs
  56 orcs
  6 ball pythons
  6 bats (D:1)
  10 endoplasms
  5 giant cockroaches
  10 hobgoblins
  3 jackals (D:1)
  9 kobolds
  A quokka (D:5)
  3 frilled lizards (D:1)
  11 goblins
  5 rats
216 creatures vanquished.

Vanquished Creatures (collateral kills)
  Grinder (D:5)
1 creature vanquished.

Vanquished Creatures (others)
  A hog (D:5)
  A goblin (D:4)
  5 fungi (D:8)
  11 plants
18 creatures vanquished.

Grand Total: 235 creatures vanquished

Notes
Turn   | Place    | Note
-------+----------+-------------------------------------------
     0 | D:1      | HilariousDeathArtist the Minotaur Gladiator began the quest
                  | for the Orb.
     0 | D:1      | Reached XP level 1. HP: 18/18 MP: 0/0
    39 | D:1      | Reached skill level 4 in Long Blades
   142 | D:1      | Reached XP level 2. HP: 25/25 MP: 1/1
   161 | D:1      | Found a faded altar of an unknown god.
   167 | D:1      | Prayed at the altar of an unknown god.
   167 | D:1      | Became a worshipper of Xom the Psychotic
   278 | D:1      | XOM: silly message
   432 | D:1      | Reached skill level 5 in Long Blades
   678 | D:1      | Reached XP level 3. HP: 30/30 MP: 2/2
   790 | D:1      | XOM: divination: magic mapping
   968 | D:1      | XOM: silly message
  1062 | D:1      | XOM: silly message
  1649 | D:2      | Noticed Sigmund
  1668 | D:2      | Killed Sigmund
  1669 | D:2      | Reached skill level 7 in Long Blades
  1669 | D:2      | Reached XP level 4. HP: 37/37 MP: 3/3
  1669 | D:2      | Reached XP level 5. HP: 42/42 MP: 4/4
  1864 | D:2      | XOM: silly message
  1939 | D:3      | XOM: silly message
  2169 | D:3      | Reached skill level 8 in Long Blades
  2194 | D:3      | Noticed Natasha
  2197 | D:3      | XOM: potion effect (invisibility)
  2202 | D:3      | HP: 5/42 [Natasha/magic dart (9)]
  2203 | D:3      | Killed Natasha
  2204 | D:3      | Reached XP level 6. HP: 7/50 MP: 5/5
  2211 | D:3      | Noticed Natasha
  2221 | D:2      | HP: 10/50 [goblin (1)]
  2497 | D:2      | XOM: divination: magic mapping
  2561 | D:3      | Killed Natasha
  2773 | D:3      | Found a bloodstained altar of Trog.
  2889 | D:3      | Reached skill level 9 in Long Blades
  3233 | D:3      | XOM: silly message
  3460 | D:3      | XOM: cloud trail
  3723 | D:4      | XOM: potion effect (heal wounds)
  3738 | D:4      | Noticed a wyvern
  3740 | D:4      | XOM: confuse monster(s)
  3746 | D:4      | HP: 10/50 [wyvern (9)]
  3748 | D:4      | Found a blossoming altar of Fedhas.
  3837 | D:4      | XOM: silly message
  4128 | D:4      | Reached XP level 7. HP: 49/56 MP: 3/6
  4429 | D:4      | Killed a wyvern
  4430 | D:4      | Reached skill level 10 in Long Blades
  4676 | D:4      | Found a basalt altar of Yredelemnul.
  4710 | D:4      | XOM: 4-stop teleportation journey
  4835 | D:4      | Found an ornate altar of the Wu Jian Council.
  4910 | D:4      | XOM: summons 3 hostile shadow creatures
  4911 | D:4      | XOM: butterfly on damage
  4915 | D:4      | HP: 14/56 [gnoll[Xom] (4)]
  5482 | D:5      | Entered Level 5 of the Dungeon
  5558 | D:5      | Reached skill level 11 in Long Blades
  5659 | D:5      | XOM: give mutations
  5659 | D:5      | Gained mutation: Your flesh is heat resistant. (rF+) [Xom's
                  | grace]
  5659 | D:5      | Gained mutation: Your system is resistant to poisons.
                  | (rPois) [Xom's grace]
  5991 | D:5      | Noticed Edmund
  6038 | D:5      | XOM: 1-stop teleportation journey
  6173 | D:6      | XOM: 2-stop teleportation journey
  6175 | D:6      | XOM: 1-stop teleportation journey
  6199 | D:6      | Reached XP level 8. HP: 60/62 MP: 7/7
  6317 | D:5      | Reached skill level 12 in Long Blades
  6401 | D:5      | Noticed Eustachio
  6401 | D:5      | XOM: summons friendly quasit
  6416 | D:5      | XOM: god gift: coppery potion {god gift}
  6438 | D:5      | Killed Eustachio
  6446 | D:5      | XOM: 4-stop teleportation journey
  6484 | D:5      | Noticed Grinder
  6485 | D:5      | XOM: summons friendly shadow imp
  6486 | D:5      | XOM: summons friendly ufetubus
  6491 | D:5      | Killed Grinder
  6585 | D:5      | Reached skill level 13 in Long Blades
  6625 | D:5      | XOM: give mutations
  6625 | D:5      | Gained mutation: You occasionally shout uncontrollably at
                  | your foes. [Xom's mischief]
  6625 | D:5      | Gained mutation: You are dopey. (Int -2) [Xom's mischief]
  6625 | D:5      | Lost mutation: Your flesh is heat resistant. (rF+) [Xom's
                  | mischief]
  6625 | D:5      | Gained mutation: You frequently scream uncontrollably at
                  | your foes. [Xom's mischief]
  6743 | D:5      | Found a hide-covered altar of Uskayaw.
  6751 | D:5      | XOM: noise
  6926 | D:5      | Noticed Menkaure
  6932 | D:5      | Noticed Edmund
  6932 | D:5      | Edmund changed into Edmund the hog
  6932 | D:5      | XOM: polymorph Edmund -> Edmund the hog
  6935 | D:5      | Killed Edmund the hog
  6935 | D:5      | XOM: divine lightning
  7111 | D:5      | Killed Menkaure
  7907 | D:6      | Reached skill level 14 in Long Blades
  7907 | D:6      | Reached skill level 3 in Fighting
  8073 | D:6      | Reached XP level 9. HP: 69/71 MP: 8/8
  8147 | D:6      | XOM: stat loss: -1 Dex (12/13)
  8442 | D:7      | Found a staircase to the Ecumenical Temple.
  8467 | D:7      | Found a white marble altar of Elyvilon.
  8499 | D:7      | Reached skill level 4 in Fighting
  8617 | D:7      | XOM: 1-stop teleportation journey
  8704 | D:7      | Reached skill level 5 in Fighting
  8739 | D:7      | HP: 18/75 [ufetubus (2)]
  8744 | D:7      | HP: 11/75 [ufetubus (1)]
  8754 | D:7      | HP: 18/75 [orc (4)]
  8761 | D:7      | HP: 14/75 [orc priest (6)]
  8762 | D:7      | XOM: smoke on damage
  8763 | D:7      | Reached skill level 6 in Fighting
  8874 | D:7      | XOM: god gift: ancient rapier {god gift}
  8874 | D:7      | Identified the +1 rapier of Reason {chaos, rElec rC+ rN+
                  | Int+6} (Xom gifted it to you on level 7 of the Dungeon)
  9138 | D:7      | XOM: cloud trail
  9525 | D:8      | Reached skill level 1 in Short Blades
  9530 | D:8      | XOM: confuse monster(s)
  9614 | D:8      | Reached skill level 2 in Short Blades
  9672 | D:8      | Reached skill level 7 in Fighting
  9678 | D:8      | Found a snail-covered altar of Cheibriados.
  9742 | D:8      | XOM: noise
  9747 | D:8      | Reached skill level 1 in Evocations
  9750 | D:8      | Noticed a polar bear
  9750 | D:8      | a yak changed into a polar bear
  9750 | D:8      | XOM: polymorph yak -> polar bear
  9902 | D:7      | Reached skill level 3 in Short Blades
 10160 | D:8      | Found a sparkling altar of Nemelex Xobeh.
 10236 | D:8      | XOM: summons friendly iron imp
 10240 | D:8      | Reached skill level 4 in Dodging
 10522 | D:8      | Reached skill level 2 in Evocations
 10535 | D:8      | XOM: smoke on damage
 10539 | D:8      | Killed a polar bear
 10540 | D:8      | Reached skill level 4 in Short Blades
 10805 | D:8      | Found a staircase to the Lair.
 10978 | D:8      | Reached XP level 10. HP: 76/88 MP: 9/9
 11010 | D:8      | Reached skill level 8 in Fighting
 11033 | D:8      | XOM: 5-stop teleportation journey
 11337 | D:8      | XOM: give mutations
 11337 | D:8      | Gained mutation: You are weak. (Str -2) [Xom's mischief]
 11529 | D:8      | Reached skill level 5 in Dodging
 11724 | D:8      | XOM: noise
 11874 | D:9      | Noticed a two-headed ogre
 11894 | Lair:1   | Entered Level 1 of the Lair of Beasts
 11908 | D:8      | XOM: silly message
 11975 | D:9      | HP: 11/84 [something (11)]
 11977 | D:9      | HP: 2/84 [something (12)]
 11978 | D:9      | Slain by an orc warrior

Illustrated notes

Levels and vault maps discovered:
D:1:      amcnicky_arrival_choice, layout_basic, serial_aquarium,
          aquarium_bridge_straight [aquarium_subvault_bridge,
          aquarium_subvault_window, aquarium_subvault_bridge,
          aquarium_subvault_wall], aquarium_bridge_long_separate
          [aquarium_subvault_wall, aquarium_subvault_wall,
          aquarium_subvault_bridge, aquarium_subvault_bridge,
          aquarium_subvault_bridge, aquarium_subvault_bridge],
          aquarium_window_2, aquarium_window_3, aquarium_window_fake,
          aquarium_view_2a, basic_ecumenical_altar, hangedman_decor_push
D:2:      layout_loops_cross, uniq_sigmund
D:3:      layout_loops_ring, mainiacjoe_overflow_alcove_4, uniq_natasha
D:4:      layout_basic, marbit_many_paths, mainiacjoe_overflow_paths,
          fedhas_altar_4
D:5:      layout_basic, kennysheep_mini, uniq_edmund, uniq_menkaure,
          uniq_grinder, uniq_eustachio
D:6:      layout_basic, corexii_checkpoint_a
D:7:      layout_loops_ring, mainiacjoe_overflow_surrounded_room,
          minmay_temple_entry_hall
D:8:      layout_basic, kennysheep_slug_shrine, nemelex_spade_bored_becter,
          dpeg_oklobed_lair, special_room [special_room_orc]
D:9:      layout_basic, old_standard_altar, grunt_gozag_statues, eino_jars
Lair:1:   layout_cave_shapes, nicolae_lair_grove_arrangements,
          dreamdust_deal_with_the_devil

Skill      XL: |  1  2  3  4  5  6  7  8  9 10 |
---------------+-------------------------------+-----
Long Blades    | 4 5 7 8 9 11 14 | 14.0
Fighting       | 3 7 8 |  8.1
Short Blades   | 4 |  4.4
Evocations     | 2 |  2.8
Dodging        | 4 5 |  5.0
Throwing       | |  2.0

Action                   |  1- 3 |  4- 6 |  7- 9 | 10-12 || total
-------------------------+-------+-------+-------+-------++-------
Melee: Long sword        |    72 |    95 |   245 |       ||   412
       Headbutt          |     9 |    18 |    74 |    11 ||   112
       Rapier            |       |       |   132 |    78 ||   210
Throw: Stone             |    74 |    58 |   133 |    24 ||   289
       Boomerang         |       |       |     1 |       ||     1
Evoke: Wand              |       |       |    18 |     1 ||    19
  Use: Potion            |     3 |       |     3 |       ||     6
       Scroll            |     2 |     4 |     6 |       ||    12
 Stab: Sleeping          |       |       |     1 |       ||     1
       Distracted        |       |       |     1 |       ||     1
       Paralysed         |       |       |     4 |       ||     4
Armor: Leather armour    |    26 |    13 |       |       ||    39
       Skin              |     2 |       |       |       ||     2
       Chain mail        |       |    18 |   161 |       ||   179
       Plate armour      |       |       |    52 |    30 ||    82
Dodge: Dodged            |    40 |    22 |    84 |     9 ||   155
Block: Tower shield      |    54 |    56 |   152 |       ||   262

Table legend: (Time is in decaauts)
 A = Elapsed time spent in this place.
 B = Non-inter-level travel time spent in this place.
 C = Inter-level travel time spent in this place.
 D = Time resting spent in this place.
 E = Time spent auto-exploring this place.
 F = Levels seen in this place.
 G = Mean time per level.
                   A        B        C        D        E       F      G
               +--------+--------+--------+--------+--------+-----+--------+
         Total |  12164 |  11808 |    356 |   3662 |   6165 |  10 | 1216.4 |
       Dungeon |  12162 |  11806 |    356 |   3662 |   6165 |   9 | 1351.3 |
          Lair |      1 |      1 |      0 |      0 |      0 |   1 |    1.0 |
               +--------+--------+--------+--------+--------+-----+--------+

Top non-repeatable levels by time:
     D:8: 2125 daAuts
     D:4: 1894 daAuts
     D:7: 1481 daAuts
     D:2: 1436 daAuts
     D:5: 1397 daAuts
     D:6: 1279 daAuts
     D:3: 1264 daAuts
     D:1: 1232 daAuts
     D:9: 48 daAuts
  Lair:1: 1 daAuts

Table legend:
 A = Kills in this place as a percentage of kills in entire the game.
 B = Kills by you in this place as a percentage of kills by you in the entire game.
 C = Kills by friends in this place as a percentage of kills by friends in the entire game.
 D = Other kills in this place as a percentage of other kills in the entire game.
 E = Experience gained in this place as a percentage of experience gained in the entire game.
 F = Experience gained in this place divided by the number of levels of this place that you have seen.
                   A       B       C       D       E      F
               +-------+-------+-------+-------+-------+----------------------
         Total | 100.0 | 100.0 | 100.0 | 100.0 | 100.0 | 611.3
       Dungeon | 100.0 | 100.0 | 100.0 | 100.0 | 100.0 | 679.2
               +-------+-------+-------+-------+-------+----------------------
